 Dungeon Crawl Stone Soup version 0.25-a0-109-ge9c0e85935 (webtiles) character file.

Game seed: 4193849263263513460, levelgen mode: deterministic

289 tilp the Conjurer (level 6, 0/32 HPs)
             Began as a Tengu Air Elementalist on Nov 17, 2019.
             Killed by nerve-wracking pain
             ... invoked by Grinder
              (7 damage)
             ... on level 3 of the Dungeon on Nov 18, 2019.
             The game lasted 00:12:29 (3286 turns).

tilp the Conjurer (Tengu Air Elementalist)          Turns: 3286, Time: 00:12:30

Health: 0/32       AC:  3    Str:  9    XL:     6   Next: 31%
Magic:  12/12      EV: 14    Int: 17    God:
Gold:   116        SH:  0    Dex: 14    Spells: 5/11 levels left

rFire    . . .     SeeInvis .   a - +2 trident (freeze)
rCold    . . .     Gourm    .   (no shield)
rNeg     . . .     Faith    .   v - +0 leather armour
rPois    .         Spirit   .   (helmet restricted)
rElec    .         Reflect  .   (no cloak)
rCorr    .         Harm     .   (no gloves)
MR       .....                  (boots unavailable)
Stlth    ++........             (no amulet)
HPRegen  0.10/turn              (no ring)
MPRegen  0.13/turn              (no ring)

@: flying quickly and evasively, hasted, very quick
A: beak, talons 3, able to fly
a: Stop Flying


You were on level 3 of the Dungeon.
You were not hungry.

You visited 1 branch of the dungeon, and saw 3 of its levels.

You collected 116 gold pieces.

Inventory:

Hand Weapons
 a - a +2 trident of freezing (weapon)
 f - a cursed -1 hunting sling
Missiles
 b - 185 stones (quivered)
 h - 8 curare-tipped darts
 m - 14 poisoned darts
 s - 63 sling bullets
 y - 2 boomerangs
Armour
 d - a +0 robe
 v - a +0 leather armour (worn)
Jewellery
 z - an uncursed ring of resist corrosion {unknown}
 A - an uncursed ring of see invisible {unknown}
Wands
 u - a wand of flame (19)
Scrolls
 e - a scroll of teleportation
 i - a scroll of fear {unknown}
 j - 3 scrolls of identify {unknown}
 k - a scroll of enchant armour {unknown}
 l - 2 scrolls of noise {unknown}
 o - a scroll of random uselessness {unknown}
 p - a scroll of remove curse {unknown}
 x - a scroll of amnesia {unknown}
Potions
 g - 2 potions of heal wounds {unknown}
 n - a potion of agility {unknown}
 q - 2 potions of haste
 r - a potion of flight {unknown}
 t - a potion of lignification {unknown}
Comestibles
 c - 2 rations


   Skills:
 - Level 2.1 Dodging
 - Level 2.0 Stealth
 + Level 3.4 Spellcasting
 + Level 5.7 Conjurations
 + Level 5.7 Air Magic


You had 5 spell levels left.
You knew the following spells:

 Your Spells              Type           Power        Failure   Level  Hunger
a - Shock                 Conj/Air       ###.         2%          1    None
b - Swiftness             Chrm/Air       ##......     11%         2    ##.....
c - Static Discharge      Conj/Air       ###.....     7%          3    ###....

Your spell library contained the following spells:

 Spells                   Type           Power        Failure   Level  Hunger
 Airstrike                Air            ###.......   22%         4    ####...
 Lightning Bolt           Conj/Air       ###.......   52%         5    ######.


Dungeon Overview and Level Annotations

Branches:
Dungeon (3/15)

Altars:
Fedhas

Annotations:
D:3 Grinder


Innate Abilities, Weirdness & Mutations

You have a beak for a mouth.
You have claws for feet.
You can fly continuously.


Message History

You are too injured to fight recklessly!
You are too injured to fight recklessly!
You are too injured to fight recklessly!
You hit Grinder.
Grinder is lightly wounded.
Grinder gestures at you. Pain shoots through your body!
* * * LOW HITPOINT WARNING * * *
You barely miss Grinder.
Grinder is lightly wounded.
Grinder says, "My boss said I was rubbish.
His entrails said otherwise."
Grinder hits you.
* * * LOW HITPOINT WARNING * * *
You writhe in agony.
* * * LOW HITPOINT WARNING * * *
It was a potion of haste.
You feel yourself speed up.
Grinder says, "DUCK!"
Grinder gestures at you. Pain shoots through your body!
You die...

...
#..[[.###..#..#.....###.
..
#.##[##....##.##.####...
.
#..#..#..#..#..#..#...##
##.##.##....##.##...###.
..#..#..#)#...#.###...
#.##.####...#####...##
..#..#...###.#...#.#.
.##5..###...##.##...
..#@###...#..#..#..#
#.#.#...####.##.##..
#.#...###.....#..#..
#.##.##....##(##.###
######.<#..#..#..#..#..#.
g.......##.##....##.##...
######...#..#..###.....##
#..5##.####...#####.
#..†.#..#...###.. #.


You could see Grinder.

Vanquished Creatures
  2 orc priests (D:3)
  3 orc wizards (D:3)
  4 adders
  2 oozes
  2 worms
  4 dart slugs
  2 leopard geckos
  9 orcs (D:3)
  A ball python (D:1)
  13 bats
  6 giant cockroaches
  8 goblins
  4 hobgoblins
  5 jackals (D:1)
  7 kobolds
  A quokka (D:2)
  2 frilled lizards (D:3)
  6 rats
81 creatures vanquished.

Notes
Turn   | Place    | Note
-------+----------+-------------------------------------------
     0 | D:1      | tilp the Tengu Air Elementalist began the quest for the
                  | Orb.
     0 | D:1      | Reached XP level 1. HP: 10/10 MP: 4/4
   265 | D:1      | Reached XP level 2. HP: 14/15 MP: 0/6
   269 | D:1      | Learned a level 2 spell: Swiftness
   760 | D:1      | Upgraded the game from 0.25-a0-108-gda8bd6cf83 to
                  | 0.25-a0-109-ge9c0e85935
   850 | D:1      | Reached XP level 3. HP: 17/19 MP: 4/7
   858 | D:1      | Learned a level 3 spell: Static Discharge
  1687 | D:2      | Reached XP level 4. HP: 24/24 MP: 2/8
  2272 | D:3      | Gained mutation: You can fly continuously. [Tengu growth]
  2272 | D:3      | Reached XP level 5. HP: 28/28 MP: 1/10
  2375 | D:3      | Found a blossoming altar of Fedhas.
  2387 | D:3      | Reached skill level 5 in Conjurations
  2387 | D:3      | Reached skill level 5 in Air Magic
  2996 | D:3      | Reached XP level 6. HP: 27/32 MP: 6/11
  3091 | D:3      | Noticed Grinder
  3286 | D:3      | Killed from afar by Grinder

Levels and vault maps discovered:
D:1:      lightli_arrival_flooded_house, layout_loops_cross, st_stairs_7,
          minmay_bisected
D:2:      layout_rooms
D:3:      minmay_skewed_foursquare, layout_basic,
          nicolae_overflow_crystal_walls, uniq_grinder, uniq_natasha

Skill      XL: |  1  2  3  4  5 |
---------------+----------------+-----
Conjurations   | 2 3 4 5 |  5.7
Air Magic      | 5 |  5.7
Spellcasting   | 3 |  3.4
Dodging        | |  2.1
Stealth        | |  2.0

Action                   |  1- 3 |  4- 6 || total
-------------------------+-------+-------++-------
Melee: Dagger            |     5 |     1 ||     6
       Kick              |     2 |     8 ||    10
       Trident           |       |    47 ||    47
       Peck              |       |     2 ||     2
 Cast: Shock             |    76 |    46 ||   122
 Abil: Fly               |       |     1 ||     1
  Use: Scroll            |     1 |       ||     1
       Potion            |       |     1 ||     1
 Stab: Distracted        |     1 |       ||     1
       Sleeping          |       |     3 ||     3
  Eat: Chunk             |     4 |     5 ||     9
Armor: Robe              |     6 |       ||     6
       Leather armour    |       |     4 ||     4
Dodge: Dodged            |    13 |    28 ||    41

Table legend:
 A = Non-vault XP
 B = Vault XP
 C = Vault XP percentage of total XP
 D = Non-vault monster count
 E = Vault monster count
 F = Vault count percentage of total count
                 A         B        C        D         E       F
            +---------+---------+-------+---------+---------+-------
      Total |     384 |      30 |   7.2 |      72 |       9 |  11.1
            +---------+---------+-------+---------+---------+-------
        D:1 |      62 |       7 |  10.1 |      30 |       4 |  11.8
        D:2 |      55 |       0 |   0.0 |      14 |       0 |   0.0
        D:3 |     267 |      23 |   7.9 |      28 |       5 |  15.2
            +---------+---------+-------+---------+---------+-------
